Map: Dusk Towers

Players

CarrotJuice - Winner!

  • Race: Zerg Zerg

LilDicky

  • Race: Terran Terran
  • League: Diamond

VOD

http://www.twitch.tv/tumescentpie

Description

Time

  • Played on: Dec. 26, 2015, 9:55 p.m.
  • Length: 15:52
Show
View Real Time Build Order
Export as new Build Order

CarrotJuice Zerg - Winner!

Build Orders: Hatch First 

Get SALT Encoding   

  12  0:00  Drone  
  13  0:12  Overlord  
  14  0:21  Drone  
  14  0:32  Drone x2  
  16  0:36  Drone  
  17  0:54  Hatchery  
  16  1:03  Drone  
  16  1:04  Extractor  
  16  1:17  Drone, Spawning Pool  
  16  1:18  Drone  
  16  1:22  Drone  
  18  1:35  Drone  
  19  1:40  Overlord  
  19  2:05  Queen  
  19  2:06  Zergling x4  
  19  2:07  Queen  
  25  2:09  Metabolic Boost  
  25  2:18  Drone x2  
  25  2:19  Drone  
  28  2:24  Drone  
  29  2:38  Overlord  
  29  2:39  Drone x2  
  31  2:45  Queen  
  31  2:49  Overlord  
  31  2:50  Drone  
  34  2:58  Drone  
  35  2:59  Queen  
  35  3:05  Drone x2  
  39  3:26  Hatchery  
  38  3:32  Drone x4  
  38  3:33  Drone x3  
  45  3:42  Roach Warren  
  45  3:48  Spore Crawler  
  43  3:50  Spore Crawler  
  42  3:56  Extractor x2  
  42  4:01  Lair  
  41  4:02  Drone  
  41  4:03  Drone x4  
  41  4:07  Evolution Chamber  
  44  4:10  Evolution Chamber  
  43  4:17  Overlord  
  43  4:18  Drone x3  
  43  4:20  Drone  
  43  4:22  Drone  
  48  4:38  Queen  
  50  4:43  Drone, Extractor  
  50  4:44  Drone x2  
  50  4:45  Drone  
  53  4:47  Zerg Missile Weapons Level 1  
  53  4:49  Zerg Ground Armor Level 1  
  53  4:56  Roach x2  
  53  4:58  Roach  
  57  5:01  Roach  
  59  5:09  Overlord  
  59  5:10  Roach x2  
  59  5:13  Roach  
  65  5:15  Glial Reconstitution  
  61  5:39  Roach x6  
  69  5:47  Overseer  
  69  5:48  Queen x2  
  73  5:56  Drone  
  70  6:04  Spore Crawler  
  69  6:12  Queen  
  69  6:15  Overlord x2  
  69  6:16  Drone x3  
  74  6:18  Spore Crawler  
  73  6:29  Drone  
  70  6:47  Hydralisk Den  
  70  6:51  Queen x2  
  70  6:52  Queen  
  75  6:55  Drone x4  
  75  6:56  Drone  
  75  6:57  Drone x4  
  84  7:11  Spore Crawler  
  83  7:29  Extractor  
  82  7:30  Extractor  
  81  7:46  Drone x6  
  81  7:47  Drone x3  
  81  7:49  Muscular Augments  
  81  7:50  Overlord x4  
  90  8:04  Overlord x2  
  90  8:08  Queen  
  90  8:11  Hydralisk x6  
  90  8:12  Hydralisk x2  
  108  8:16  Overseer  
  108  8:18  Hatchery  
  107  8:22  Drone x2  
  107  8:23  Drone  
  107  8:24  Drone x4  
  114  8:43  Infestation Pit  
  113  9:00  Lurker Den  
  113  9:03  Zerg Melee Weapons Level 1  
  113  9:06  Drone x5  
  113  9:07  Drone x7  
  125  9:23  Hive  
  125  9:26  Spire  
  124  9:32  Extractor  
  124  9:35  Extractor  
  122  9:39  Drone x3  
  122  9:40  Spine Crawler, Roach x2  
  122  9:41  Roach x5  
  122  9:42  Overlord x2  
  122  9:43  Overlord  
  122  9:44  Spore Crawler, Spine Crawler x3  
  122  9:45  Spore Crawler  
  129  9:56  Queen  
  129  9:57  Drone  
  129  9:58  Drone x7  
  135  10:01  Spore Crawler  
  133  10:08  Drone x4  
  133  10:09  Drone x2, Extractor  
  138  10:23  Drone  
  138  10:24  Drone x2  
  138  10:26  Overlord  
  141  10:30  Overlord  
  141  10:40  Greater Spire  
  141  10:41  Corruptor x3  
  141  10:42  Corruptor x3  
  153  10:44  Corruptor, Ultralisk Cavern  
  154  10:55  Zerg Ground Armor Level 2  
  154  10:58  Zerg Melee Weapons Level 2  
  154  11:24  Lurker x3  
  157  11:34  Chitinous Plating  
  157  11:35  Ultralisk x2  
  157  11:36  Ultralisk  
  157  11:39  Overlord x4  
  175  11:43  Hatchery  
  174  11:47  Overlord x2  
  134  12:02  Brood Lord x5  
  134  12:03  Brood Lord x2  
  134  12:05  Ultralisk x2  
  155  13:22  Overlord, Corruptor x6  
  167  13:36  Zerg Flyer Weapons Level 1  
  167  13:41  Ultralisk x5, Hatchery  
  197  13:42  Corruptor x2  
  187  14:21  Corruptor x2  
  187  14:22  Corruptor x4  
  185  14:47  Brood Lord  
  182  15:04  Corruptor x7  
  196  15:36  Extractor  
  196  15:39  Extractor  
Show
View Real Time Build Order
Export as new Build Order

LilDicky Terran 

Build Orders: Command Center First (CC), Hellion Banshee 

Get SALT Encoding   

  12  0:01  SCV  
  13  0:13  SCV  
  14  0:17  Supply Depot  
  14  0:25  SCV  
  15  0:39  SCV  
  16  0:51  SCV  
  17  1:04  Command Center  
  17  1:05  SCV  
  18  1:15  Barracks  
  18  1:17  SCV  
  19  1:32  SCV, Refinery  
  20  1:33  Refinery  
  20  1:44  SCV  
  21  1:56  SCV  
  22  2:02  Marine  
  22  2:04  Supply Depot  
  23  2:10  Orbital Command  
  23  2:15  Orbital Command  
  24  2:29  Factory  
  23  2:37  Barracks Reactor  
  23  2:38  Supply Depot  
  23  2:43  SCV  
  23  2:44  SCV  
  25  2:55  SCV  
  25  2:56  SCV  
  27  3:07  SCV  
  27  3:08  SCV  
  29  3:19  SCV  
  30  3:20  SCV  
  30  3:25  Barracks Reactor, Starport  
  31  3:27  Barracks Tech Lab  
  31  3:28  Hellion x2  
  31  3:31  SCV  
  31  3:32  SCV  
  37  3:43  SCV  
  37  3:44  SCV  
  39  3:51  Hellion x2  
  39  3:55  SCV  
  43  3:56  SCV  
  43  3:57  Armory  
  44  4:07  SCV  
  44  4:08  SCV  
  46  4:10  Supply Depot, Cloaking Field  
  46  4:11  Banshee  
  46  4:12  Hellion x2  
  54  4:25  Supply Depot  
  54  4:29  SCV  
  54  4:32  SCV, Marine  
  54  4:33  Hellion  
  54  4:34  Hellion  
  54  4:36  Supply Depot  
  60  4:41  SCV  
  60  4:44  SCV  
  62  4:53  Banshee  
  62  4:55  Hellion x2  
  69  5:06  SCV x2, Refinery  
  69  5:07  Refinery  
  71  5:08  Command Center  
  71  5:12  Engineering Bay  
  71  5:14  Supply Depot  
  71  5:16  Hellion x2  
  59  5:56  Banshee  
  55  6:12  Hellion  
  55  6:13  Hellion  
  55  6:15  SCV x2  
  61  6:21  Orbital Command  
  61  6:22  Factory  
  61  6:23  Factory  
  61  6:27  Command Center, SCV  
  61  6:28  SCV  
  63  6:39  Banshee, SCV  
  64  6:53  Hellion  
  59  7:26  Hellion x2, Orbital Command  
  59  7:29  Factory Tech Lab x2  
  63  7:33  SCV x2  
  65  7:39  Factory  
  65  7:41  Factory  
  65  7:42  Supply Depot, Orbital Command  
  65  7:43  Factory  
  65  7:44  Supply Depot  
  65  7:46  Supply Depot  
  65  7:47  Command Center  
  65  7:49  Supply Depot  
  65  7:50  SCV  
  66  7:55  SCV  
  67  8:02  SCV x2  
  69  8:07  SCV  
  69  8:08  SCV  
  69  8:10  Thor x2  
  69  8:11  Widow Mine  
  69  8:12  Widow Mine  
  87  8:14  SCV, Banshee  
  87  8:15  SCV  
  87  8:17  Refinery  
  92  8:23  Refinery  
  92  8:28  SCV x4  
  92  8:29  Barracks  
  92  8:30  Factory Tech Lab  
  92  8:31  Factory Tech Lab x2, Barracks  
  96  8:35  Barracks  
  96  8:39  Barracks  
  96  8:44  Terran Vehicle And Ship Armor Level 1  
  96  8:49  Thor  
  96  8:51  Thor x2  
  96  8:53  Siege Tank  
  117  9:07  Thor  
  117  9:08  Hellion  
  117  9:09  Hellion  
  127  9:11  Infernal Pre-Igniter  
  127  9:25  Thor  
  133  9:31  Planetary Fortress  
  133  9:43  SCV x2  
  133  9:44  SCV x2  
  137  9:46  Missile Turret  
  137  9:47  Refinery, Marine x5  
  137  9:48  Refinery, Missile Turret  
  137  9:50  Thor  
  137  9:51  Banshee  
  148  9:54  Missile Turret  
  142  10:08  Siege Tank x2  
  142  10:09  Hellion x4  
  156  10:14  SCV x2  
  158  10:22  Marine x4  
  158  10:24  Missile Turret  
  158  10:28  Missile Turret  
  162  10:29  Missile Turret  
  162  10:31  Starport x2  
  162  10:32  SCV  
  162  10:33  Armory  
  163  10:38  Supply Depot x2  
  163  10:39  Supply Depot  
  163  10:41  Supply Depot  
  163  10:42  Terran Vehicle And Ship Armor Level 2  
  163  10:50  Sensor Tower  
  163  10:55  Missile Turret  
  163  10:58  Supply Depot  
  163  10:59  SCV x2, Widow Mine x3  
  163  11:00  SCV, Hellion  
  163  11:03  Hellion, Siege Tank x2  
  182  11:10  Starport Tech Lab  
  182  11:11  Starport Tech Lab  
  182  11:15  Fusion Core  
  182  11:21  Hellion  
  182  11:23  Supply Depot  
  182  11:25  Hellion  
  186  11:27  SCV x2  
  186  11:28  Hellion x2  
  186  11:29  Hellion  
  186  11:30  Barracks Reactor x4, Barracks Tech Lab  
  194  11:33  Command Center  
  194  11:35  Banshee, Siege Tank  
  189  12:09  Battlecruiser  
  168  12:40  Battlecruiser x2  
  138  13:08  Thor  
  138  13:09  Thor x2, Siege Tank x2  
  144  13:13  Battlecruiser  
  132  13:23  Planetary Fortress  
  132  13:27  Missile Turret  
  132  13:33  Marine x6  
  132  13:34  Marine x3  
  139  13:39  Missile Turret x2  
  139  13:41  Missile Turret  
  141  13:42  Missile Turret x4  
  141  13:44  Battlecruiser  
  147  13:49  Missile Turret  
  147  13:53  Missile Turret  
  147  14:01  Battlecruiser  
  143  14:17  Battlecruiser  
  137  14:40  Marine x4  
  137  14:41  Thor  
  130  15:09  SCV x2  
  100  15:31  Marine x2  
  96  15:39  Supply Depot  
Tags
 
Add a new tag
Caveats
  • Supply blocks, unpowered buildings, or Contaminate may cause inaccurate times.
  • Supply counts are checked every 10 seconds.